 Dungeon Sprint DCSS version 0.29-a0-284-gf9362112df (webtiles) character file.

Game seed: 14038047121673159197

218 mhtbhm the Carver (level 5, -7/75 HPs)
             Began as a Minotaur Berserker on Mar 30, 2022.
             Was a Priest of Trog.
             Mangled by a fire elemental (12 damage)
             ... summoned by a deep elf pyromancer
             ... in the Dungeon (Sprint III: "The Ten Rune Challenge").
             The game lasted 00:00:49 (601 turns).

mhtbhm the Carver (Minotaur Berserker)               Turns: 601, Time: 00:00:50

Health: -7/75      AC:  7    Str: 24    XL:     5   Next: 63%
Magic:  4/4        EV: 12    Int:  4    God:    Trog [***...]
Gold:   18         SH:  0    Dex:  9    Spells: 4/4 levels left

rFire   . . .      SeeInvis .   a - +0 falchion
rCold   . . .      Faith    .   (no shield)
rNeg    . . .      Spirit   .   b - +0 ring mail
rPois   .          Reflect  .   (helmet restricted)
rElec   .          Harm     .   i - +0 cloak
rCorr   .          Rampage  .   (no gloves)
Will    .....      Clarity  +   (no boots)
Stlth   .......... NoTele   +   (no amulet)
HPRegen 0.22/turn               (no ring)
MPRegen 0.09/turn               (no ring)

@: berserking (expiring), very quick
A: horns 2, retaliatory headbutt, clarity, frail 1
a: Renounce Religion, Berserk, Trog's Hand


You were in the Dungeon.
You worshipped Trog.
Trog was most pleased with you.
You visited 1 branch You collected 18 gold pieces.

Inventory:

Hand Weapons
 a - a +0 falchion (weapon)
Armour
 b - a +0 ring mail (worn)
 i - a +0 cloak (worn)
Wands
 o - a wand of mindburst (21)
Scrolls
 h - a scroll of blinking
 k - a scroll of torment {unknown}
 l - 3 scrolls of identify
 n - a scroll of immolation {unknown}
Potions
 c - 3 potions of curing
 e - a potion of haste
 f - 2 potions of magic
 g - a potion of berserk rage
 j - 2 potions of mutation
 m - a potion of flight {unknown}


   Skills:
 + Level 8.8 Fighting
 + Level 9.6 Long Blades
 + Level 6.0 Armour
 + Level 4.3 Dodging
 + Level 1.4 Stealth


You had 4 spell levels left.
You didn't know any spells.
Your spell library was empty.

Dungeon Overview and Level Annotations

Branches:
Dungeon (1/1)

Altars:
Dithmenos
Elyvilon
Ru
Yredelemnul
Zin
The Shining One


Innate Abilities, Weirdness & Mutations

You have a pair of horns on your head.
You reflexively headbutt those who attack you in melee.
You possess an exceptional clarity of mind.
You are frail. (-10% HP)


Message History

The fire elemental closely misses you. x2
You slash the fire elemental!
The fire elemental is moderately damaged.
The deep elf pyromancer gestures wildly while chanting.
You hit the fire elemental but do no damage.
The fire elemental is moderately damaged.
The fire elemental hits you. The fire elemental burns you!
The fire elemental hits you. The fire elemental burns you!
You barely miss the fire elemental. You headbutt the fire elemental!!
The fire elemental is almost destroyed.
The fire elemental hits you. The fire elemental burns you!
The fire elemental barely misses you.
You are too injured to fight recklessly!
You are too injured to fight recklessly!
You are too injured to fight recklessly!
You are too injured to fight recklessly!
You are too injured to fight recklessly!
You are too injured to fight recklessly!
You are too injured to fight recklessly!
You are too injured to fight recklessly!
Unknown command.
The fire elemental hits you. The fire elemental burns you!
You feel a strong urge to attack something.
The deep elf pyromancer hits you with a +0 long sword of holy wrath.
* * * LOW HITPOINT WARNING * * *
The fire elemental hits you. The fire elemental burns you!
* * * LOW HITPOINT WARNING * * *
The fire elemental hits you. The fire elemental burns you!
* * * LOW HITPOINT WARNING * * *
You slash the deep elf pyromancer!
The deep elf pyromancer is heavily wounded.
The deep elf pyromancer misses you.
You closely miss the deep elf pyromancer.
The deep elf pyromancer is heavily wounded.
The fire elemental barely misses you. x2
The fire elemental closely misses you.
You hit the deep elf pyromancer.
The deep elf pyromancer is heavily wounded.
The fire elemental hits you. The fire elemental burns you!
You die...

▓▓▓▓▓ ▓▓▓ '...♣♣ ♣.#####
#### #....♣♣♣ ♣♣.#___#
#__# #......♣ ..#!..#
#._# #....≈♣♣
♣♣.###°#+###)##
#...≈≈.♣♣♣..#..EE......#
#..≈≈≈≈♣.♣♣.'.⌠E@......#
#..≈≈≈≈≈≈♣..#°.e######+#
#)≈≈≈≈≈≈....#.⌠.#
#.≈≈≈≈≈.....#...#
#.≈≈≈.......#+###
#...........#
............#
▓▓▓▓▓▓▓▓▓▓▓▓▓


You could see a deep elf pyromancer and 3 fire elementals.

Vanquished Creatures
  A necrophage (D)
  A water elemental (D)
  Crazy Yiuf (D)
  Jessica (D)
  A necromancer (D)
  A human (D)
  An endoplasm (D)
  2 rats (D)
9 creatures vanquished.

Notes
Turn   | Place    | Note
-------+----------+-------------------------------------------
     0 | D        | mhtbhm the Minotaur Berserker began the quest for the Orb.
     0 | D        | Reached XP level 1. HP: 19/19 MP: 0/0
     9 | D        | Reached skill level 4 in Long Blades
    86 | D        | Noticed Jessica
    88 | D        | Reached ** piety under Trog
    93 | D        | Killed Jessica
    94 | D        | Reached skill level 5 in Fighting
    94 | D        | Reached skill level 5 in Long Blades
    94 | D        | Reached XP level 2. HP: 10/29 MP: 1/1
    94 | D        | Reached XP level 3. HP: 12/36 MP: 2/2
   330 | D        | Noticed Crazy Yiuf
   338 | D        | Killed Crazy Yiuf
   339 | D        | Reached skill level 7 in Long Blades
   339 | D        | Reached XP level 4. HP: 45/45 MP: 3/3
   386 | D        | Gained mutation: Your spells are a little easier to cast,
                  | but a little less powerful. [potion of mutation]
   387 | D        | Lost mutation: Your spells are a little easier to cast, but
                  | a little less powerful. [potion of mutation]
   387 | D        | Gained mutation: You are frail. (-10% HP) [potion of
                  | mutation]
   387 | D        | Gained mutation: You possess an exceptional clarity of
                  | mind. [potion of mutation]
   409 | D        | Noticed a water elemental
   419 | D        | Killed a water elemental
   420 | D        | Reached skill level 8 in Long Blades
   420 | D        | Reached skill level 1 in Stealth
   546 | D        | Found a basalt altar of Yredelemnul.
   546 | D        | Found a shadowy altar of Dithmenos.
   546 | D        | Found a sacrificial altar of Ru.
   546 | D        | Noticed a necrophage
   555 | D        | Reached *** piety under Trog
   556 | D        | Reached skill level 5 in Armour
   556 | D        | Reached XP level 5. HP: 45/47 MP: 4/4
   561 | D        | Reached skill level 9 in Long Blades
   586 | D        | Found a glowing silver altar of Zin.
   586 | D        | Found a glowing golden altar of the Shining One.
   586 | D        | Found a white marble altar of Elyvilon.
   587 | D        | Noticed a deep elf pyromancer
   591 | D        | Noticed a fire elemental
   591 | D        | Noticed a fire elemental
   595 | D        | Noticed a fire elemental
   601 | D        | Mangled by a fire elemental

Illustrated notes

Levels and vault maps discovered:
D:        dungeon_sprint_mu [sprint_mu_entry_forest, sprint_mu_temple_rooms,
          sprint_mu_d1_horrors, sprint_mu_d2_genie, sprint_mu_d3_branching,
          sprint_mu_orc_legion, sprint_mu_elf_gauntlet, sprint_mu_hive_nellie,
          sprint_mu_lair_fedhas, sprint_mu_vaults_butterflies,
          sprint_mu_slime_circle, sprint_mu_shoals_archi,
          sprint_mu_snake_twists, sprint_mu_blade_basic, sprint_mu_crypt_lich,
          sprint_mu_tomb_spiral, sprint_mu_vestibule_basic,
          sprint_mu_gehenna_hellfire, sprint_mu_dis_giant,
          sprint_mu_tartarus_statrot, sprint_mu_cocytus_islands, sprint_mu_zot1]

Skill      XL: |  1  2  3  4  5 |
---------------+----------------+-----
Fighting       | 5 6 8 |  8.8
Long Blades    | 5 7 8 9 |  9.6
Armour         | 3 5 6 |  6.0
Dodging        | 3 4 |  4.3
Stealth        | 1 |  1.4

Action                   |  1- 3 |  4- 6 || total
-------------------------+-------+-------++-------
Melee: Falchion          |    14 |    33 ||    47
       Headbutt          |     4 |     8 ||    12
Invok: Berserk           |     2 |     2 ||     4
  Use: Potion            |       |     3 ||     3
 Stab: Sleeping          |     1 |       ||     1
Armor: Ring mail         |       |    11 ||    11
Dodge: Dodged            |     8 |    15 ||    23

Table legend: (Time is in decaauts)
 A = Elapsed time spent in this place.
 B = Non-inter-level travel time spent in this place.
 C = Inter-level travel time spent in this place.
 D = Time resting spent in this place.
 E = Time spent auto-exploring this place.
 F = Levels seen in this place.
 G = Mean time per level.
                   A        B        C        D        E       F      G
               +--------+--------+--------+--------+--------+-----+--------+
         Total |    625 |    625 |      0 |    168 |    291 |   1 |  625.0 |
       Dungeon |    625 |    625 |      0 |    168 |    291 |   1 |  625.0 |
               +--------+--------+--------+--------+--------+-----+--------+

Top non-repeatable levels by time:
       D: 625 daAuts
